AoeStats
← Mogler

Arabia

509837364Analyzed
1v1 RM · 5d ago on Sep 28, 2026· 58m 3s· 2 players
Game mode
Random Map
Map size
Tiny (2 player)
Population
200
Speed
Normal
Resources
Standard
Victory
Conquest
Starting age
Dark Age
Ending age
Imperial Age
RankedLock teamsTeams togetherTeam positionsShared explorationLock speedFull tech treeHidden civsTurbo modeCheats
Victory
Defeat
🇨🇳 Ethiopians · China
1256
+16
🇩🇪 Teutons · Germany
1259
-16
Oi!
6:34 Loom
9:05 Feudal Age
9:08 Man-at-Arms
10:23 Double-Bit Axe
17:43 Fletching
24:36 Castle Age
22:49 Gold Mining
22:56 Horse Collar
24:41 Crossbowman
25:18 Bodkin Arrow
26:13 Bow Saw
27:25 Stone Mining
30:31 Wheelbarrow
31:15 Heavy Plow
33:25 Fervor
38:55 Imperial Age
39:46 Bracer
40:22 Arbalester
42:22 Hand Cart
41:53 Town Watch
42:34 Thumb Ring
43:29 Gold Shaft Mining
43:32 Ballistics
46:08 Padded Archer Armor
47:18 Chemistry
46:59 Conscription
48:17 Leather Archer Armor
52:38 Light Cavalry
53:20 Husbandry
54:52 Two-Man Saw
53:30 Hussar
54:22 Scale Barding Armor
54:28 Forging
Mogler
6:53 Loom
9:21 Feudal Age
15:10 Double-Bit Axe
17:19 Fletching
20:55 Castle Age
19:05 Gold Mining
19:48 Padded Archer Armor
21:39 Scale Barding Armor
22:18 Bloodlines
22:39 Horse Collar
28:38 Scale Mail Armor
29:00 Chain Barding Armor
29:48 Elite Skirmisher
30:42 Bodkin Arrow
31:43 Leather Archer Armor
44:48 Imperial Age
42:36 Heavy Plow
43:25 Forging
44:44 Wheelbarrow
44:51 Ballistics
46:08 Plate Barding Armor
45:20 Cavalier
48:17 Chemistry
58:18 Iron Casting
Connection lost

Rejoining the realm…

Still unreachable

The connection could not be restored.

Session expired

The server has moved on; the page needs a fresh start.